 Dungeon Crawl Stone Soup version 0.27.1-15-g792fb953b9 (webtiles) character file.

Game seed: 14526566695599916222

24 EtoJeDio the Grave Robber (level 3, -2/24 HPs)
             Began as a Human Necromancer on Nov 19, 2021.
             Was a Follower of Wu Jian.
             Slain by a gnoll (9 damage)
             ... on level 2 of the Dungeon.
             The game lasted 00:11:12 (1466 turns).

EtoJeDio the Grave Robber (Human Necromancer)       Turns: 1466, Time: 00:11:12

Health: -2/24      AC:  2    Str:  8    XL:     3   Next: 15%
Magic:  6/6        EV: 12    Int: 16    God:    Wu Jian [*.....]
Gold:   53         SH:  0    Dex: 13    Spells: 5/6 levels left

rFire    . . .     SeeInvis .   b - +0 dagger
rCold    . . .     Faith    .   (no shield)
rNeg     . . .     Spirit   .   a - +0 robe
rPois    .         Reflect  .   (no helmet)
rElec    .         Harm     .   (no cloak)
rCorr    +         Rampage  .   (no gloves)
Will     .....                  (no boots)
Stlth    ++........             (no amulet)
HPRegen  0.08/turn              c - ring of resist corrosion
MPRegen  0.10/turn              (no ring)

@: no status effects
A: no striking features
a: Renounce Religion


You were on level 2 of the Dungeon.
You worshipped Wu Jian.
Wu Jian was aware of your devotion.
You visited 1 branch of the dungeon, and saw 2 of its levels.

You collected 53 gold pieces.

Inventory:

Hand Weapons
 b - a +0 dagger (weapon)
Armour
 a - a +0 robe (worn)
Jewellery
 c - a ring of resist corrosion (left hand)
Scrolls
 d - a scroll of fear {unknown}
 e - a scroll of noise {unknown}
 f - a scroll of amnesia {unknown}
 g - a scroll of enchant weapon {unknown}


   Skills:
 + Level 0.5 Short Blades
 + Level 2.1 Dodging
 + Level 2.5 Stealth
 + Level 2.0 Spellcasting
 + Level 4.4 Necromancy


You had 5 spell levels left.
You knew the following spells:

 Your Spells              Type           Power      Damage    Failure   Level
a - Pain                  Necr           60%        1d7       3%          1

Your spell library contained the following spells:

 Spells                   Type           Power      Damage    Failure   Level
 Animate Skeleton         Necr           30%        N/A       3%          1
 Vampiric Draining        Necr           7%         2d7       10%         3
 Animate Dead             Necr           7%         N/A       32%         4
 Agony                    Necr           15%        N/A       67%         5


Dungeon Overview and Level Annotations

Branches:
Dungeon (2/15)

Altars:
Wu Jian


Message History

The Council accepts your kill.
You see here a +0 dagger.
You see here a +0 whip.
You see here a +0 dagger.
You see here a +2 hunting sling of freezing.
Found 19 sling bullets.
There is a stone staircase leading down here.
You climb downwards.
Found a yellow potion.
Found a stone staircase leading up.
There is a stone staircase leading up here.
The helpless gnoll fails to defend itself.
You puncture the gnoll!
The gnoll is severely wounded.
You hit the gnoll.
The gnoll is almost dead.
The gnoll hits you with a +1 spear of venom.
You hit the gnoll.
You kill the gnoll!
The Council accepts your kill.
You have reached level 3!
Your experience leads to an increase in your attributes!
Increase (S)trength, (I)ntelligence, or (D)exterity?
You feel clever.
The gnoll shouts! x2
A goblin comes into view. It is wielding a +0 club.
The goblin shouts!
You hit the quokka.
The quokka is moderately wounded.
The quokka bites you but does no damage.
You spin and attack the quokka.
You closely miss the quokka.
The quokka is moderately wounded.
You spin and attack the goblin.
You hit the goblin.
The goblin is moderately wounded.
The quokka bites you.
The gnoll hits you from afar with a +0 spear.
The goblin hits you with a +0 club.
* * * LOW HITPOINT WARNING * * *
The quokka barely misses you.
The gnoll hits you from afar with a +0 spear!
You die...

#......<
......## #
##......#..
........
#.###.....#
#.....).g.#
#<.g.+
#.gr.##.#
#..@....#
...............
##############+


You could see 2 gnolls, a quokka and a goblin.

Vanquished Creatures
  A gnoll (D:2)
  A dart slug (D:1)
  2 ball pythons (D:1)
  A bat (D:1)
  An endoplasm (D:1)
  A goblin (D:1)
  2 kobolds (D:1)
  3 rats (D:1)
12 creatures vanquished.

Notes
Turn   | Place    | Note
-------+----------+-------------------------------------------
     0 | D:1      | EtoJeDio the Human Necromancer began the quest for the Orb.
     0 | D:1      | Reached XP level 1. HP: 13/13 MP: 3/3
   408 | D:1      | Reached XP level 2. HP: 17/19 MP: 5/5
   464 | D:1      | Found a faded altar of an unknown god.
   488 | D:1      | Became a worshipper of the Wu Jian Council
   488 | D:1      | Reached * piety under Wu Jian
  1463 | D:2      | Reached XP level 3. HP: 17/24 MP: 6/6
  1466 | D:2      | Slain by a gnoll

Illustrated notes

Levels and vault maps discovered:
D:1:      co_arrival_square_in_a_square_in_a_square, layout_basic,
          shapermc_ecumenical_altar_totnotflames
D:2:      layout_basic, fountainhead, small_statue_intersection,
          minmay_lizard_pond, uniq_terence

Action                   || total
-------------------------++-------
Melee: Dagger            ||    52
       Unarmed           ||     9
 Cast: Pain              ||     7
Invok: Whirlwind         ||    16
       Lunge             ||     2
 Stab: Sleeping          ||     5
Armor: Robe              ||    17
Dodge: Dodged            ||    35
